 Dungeon Crawl Stone Soup version 0.29.1-2-gbd0b4ee654 (webtiles) character file.

Game seed: 16879598124137944843

148 KittyFluff the Cudgeller (level 5, -8/69 HPs)
             Began as a Draconian Berserker on Oct 26, 2022.
             Was a Believer of Trog.
             Mangled by Terence
             ... wielding a +0 flail
              (13 damage)
             ... on level 2 of the Dungeon.
             The game lasted 00:12:21 (1994 turns).

KittyFluff the Cudgeller (Draconian Berserker)      Turns: 1994, Time: 00:12:23

Health: -8/69      AC:  0    Str: 19    XL:     5   Next: 8%
Magic:  5/5        EV: 20    Int:  7    God:    Trog [**....]
Gold:   178        SH:  0    Dex: 18    Spells: 4/4 levels left

rFire   . . .      SeeInvis .   (weapon currently unavailable)
rCold   . . .      Faith    .   (shield currently unavailable)
rNeg    . . .      Spirit   .   (body armour unavailable)
rPois   .          Reflect  .   (helmet currently unavailable)
rElec   .          Harm     .   (cloak currently unavailable)
rCorr   .          Rampage  .   (gloves currently unavailable)
Will    .....                   (boots currently unavailable)
Stlth   ..........              (no amulet)
HPRegen 0.21/turn               (ring currently unavailable)
MPRegen 0.09/turn               (ring currently unavailable)

@: berserking, bat-form (expiring), flying, very quick
A: fast, flying, no casting, AC +5, tiny, unfitting armour, (cold-blooded)
a: Renounce Religion, Berserk, Trog's Hand


You were on level 2 of the Dungeon.
You worshipped Trog.
Trog was pleased with you.
You were a bat.
You visited 1 branch of the dungeon, and saw 2 of its levels.

You collected 178 gold pieces.

Inventory:

Hand Weapons
 a - a +0 mace (melded)
 f - a +0 flail
Missiles
 b - 5 poisoned darts (quivered)
 q - 7 stones
Jewellery
 j - a ring of resist corrosion (melded)
 n - a ring of fire
Scrolls
 d - 2 scrolls of enchant weapon {unknown}
 g - 4 scrolls of immolation
 i - a scroll of poison {unknown}
 l - a scroll of enchant armour {unknown}
 m - a scroll of identify {unknown}
 p - a scroll of magic mapping {unknown}
Potions
 c - a potion of brilliance {unknown}
 e - a potion of might {unknown}
 h - a potion of mutation {unknown}
 k - a potion of lignification {unknown}
 o - a potion of resistance {unknown}


   Skills:
 + Level 4.2 Fighting
 + Level 4.6 Maces & Flails
 + Level 3.3 Dodging
 + Level 0.5 Stealth


You had 4 spell levels left.
You didn't know any spells.
Your spell library contained the following spells:

 Spells                   Type           Power      Damage    Failure   Level
 Sandblast                Erth           0%         2d4       43%         1
 Passwall                 Tmut/Erth      0%         N/A       56%         2
 Stone Arrow              Conj/Erth      0%         3d7       80%         3


Dungeon Overview and Level Annotations

Branches:
Dungeon (2/15)

Altars:

Annotations:
D:2 Terence


Innate Abilities, Weirdness & Mutations

You are a bat.
You are tiny and dextrous.
You move quickly.
You are flying.
Your equipment is almost entirely melded.
You are incapable of wielding weapons or throwing items.
You cannot cast spells.
((Your plain brown scales are hard. (AC +5)))
You cannot fit into any form of body armour.
((You are cold-blooded and may be slowed by cold attacks.))


Message History

You hit Terence but do no damage.
Terence is moderately wounded.
Your transformation is almost over.
Terence closely misses you.
You hit Terence but do no damage.
Terence is moderately wounded.
Terence hits you with a +0 flail!
You hit Terence but do no damage.
Terence is moderately wounded.
Terence closely misses you.
You barely miss Terence.
Terence is moderately wounded.
Terence misses you.
You hit Terence.
Terence is moderately wounded.
Terence hits you with a +0 flail!
* * * LOW HITPOINT WARNING * * *
A red film seems to cover your vision as you go berserk!
You feel yourself moving faster!
You feel mighty!
Terence asks, "Do you want it fast or slow?"
Terence closely misses you.
You hit Terence.
Terence is severely wounded.
Terence hits you with a +0 flail!
* * * LOW HITPOINT WARNING * * *
You barely miss Terence.
Terence is severely wounded.
You barely miss Terence.
Terence is severely wounded.
Terence closely misses you.
You hit Terence.
Terence is almost dead.
You hit Terence but do no damage.
Terence is almost dead.
Terence hits you with a +0 flail.
* * * LOW HITPOINT WARNING * * *
You hit Terence but do no damage.
Terence is almost dead.
Terence hits you with a +0 flail!
You die...

### #.. #.# #@#
################b##
..†..........[....#
###################
#........
#####.#############
..................#
#####...#########.####
..........<.....>....#
#........#.#####..##.#


You could see Terence.

Vanquished Creatures
  An ogre (D:2)
  An adder (D:2)
  A worm (D:2)
  2 dart slugs (D:2)
  5 ball pythons
  3 bats
  6 endoplasms (D:1)
  5 giant cockroaches
  3 goblins (D:1)
  3 hobgoblins
  2 jackals (D:2)
  2 kobolds (D:2)
  5 quokkas
  A frilled lizard (D:1)
  A rat (D:1)
41 creatures vanquished.

Notes
Turn   | Place    | Note
-------+----------+-------------------------------------------
     0 | D:1      | KittyFluff the Draconian Berserker began the quest for the
                  | Orb.
     0 | D:1      | Reached XP level 1. HP: 19/19 MP: 1/1
   257 | D:1      | Reached XP level 2. HP: 26/26 MP: 2/2
   806 | D:1      | Found a faded altar of an unknown god.
  1126 | D:2      | Reached XP level 3. HP: 30/33 MP: 3/3
  1340 | D:2      | Reached ** piety under Trog
  1553 | D:2      | Noticed an ogre
  1570 | D:2      | Killed an ogre
  1571 | D:2      | Reached XP level 4. HP: 40/40 MP: 4/4
  1571 | D:2      | Reached XP level 5. HP: 46/46 MP: 5/5
  1952 | D:2      | Noticed Terence
  1994 | D:2      | Mangled by Terence

Illustrated notes

Levels and vault maps discovered:
D:1:      wheals_arrival_linesprint, layout_loops_ring,
          hellmonk_ecumenical_altar_blasted, minmay_pentomino_p2
D:2:      layout_basic, uniq_terence

Skill      XL: |  1  2  3 |
---------------+----------+-----
Dodging        | 3 |  3.3
Fighting       | 4 |  4.2
Maces & Flails | 4 |  4.6
Stealth        | |  0.5

Action                   |  1- 3 |  4- 6 || total
-------------------------+-------+-------++-------
Melee: Mace              |    97 |    21 ||   118
       Tailslap          |    10 |     5 ||    15
       Unarmed           |       |    36 ||    36
Throw: Dart              |     1 |       ||     1
Invok: Berserk           |     1 |     1 ||     2
 Stab: Sleeping          |       |     1 ||     1
Armor: Skin              |    27 |     6 ||    33
Dodge: Dodged            |    56 |    37 ||    93
